 Dungeon Crawl Stone Soup version 0.22.1-6-g1668fe2c40 (webtiles) character file.

268 Kohma the Vexing (level 6, -3/28 HPs)
             Began as a Spriggan Enchanter on Jan 28, 2019.
             Slain by an ice beast (9 damage)
             ... on level 4 of the Dungeon.
             The game lasted 00:14:39 (4925 turns).

Kohma the Vexing (Spriggan Enchanter)               Turns: 4925, Time: 00:14:41

Health: -3/28      AC:  3    Str:  4    XL:     6   Next: 1%
Magic:  1/11       EV: 19    Int: 17    God:
Gold:   177        SH:  0    Dex: 18    Spells: 2/11 levels left

rFire    . . .     SeeInvis +   a - +2 dagger
rCold    . . .     Gourm    .   (shield restricted)
rNeg     . . .     Faith    .   b - +0 robe
rPois    +         Spirit   .   e - +1 hat
rElec    .         Reflect  .   (no cloak)
rCorr    +         Harm     .   (gloves unavailable)
MR       +....                  (boots unavailable)
Stlth    +++.......             (no amulet)
HPRegen  0.09/turn              t - ring of poison resistance
MPRegen  0.12/turn              j - ring of resist corrosion

@: very quick
A: very small, unfitting armour, see invisible, herbivore, speed 3, slow
metabolism 2
a: no special abilities


You were on level 4 of the Dungeon.
You were very hungry.

You visited 1 branch of the dungeon, and saw 4 of its levels.

You collected 177 gold pieces.

Inventory:

Hand Weapons
 a - a +2 dagger (weapon)
 f - a +1 hunting sling of flaming
 x - a +0 rapier
Missiles
 c - 13 poisoned needles
 p - 128 stones (quivered)
Armour
 b - a +0 robe (worn)
 e - a +1 hat (worn)
Jewellery
 j - a ring of resist corrosion (right hand)
 t - a ring of poison resistance (left hand)
Wands
 h - a wand of polymorph (10)
Scrolls
 k - a scroll of fog
 s - 2 scrolls of teleportation
Potions
 g - a potion of brilliance
 i - a potion of lignification
 m - 3 potions of curing
 n - a potion of berserk rage
 o - a potion of might {unknown}
 q - 2 potions of heal wounds
 r - 2 potions of haste
 v - a potion of degeneration {unknown}
Comestibles
 d - 9 rations


   Skills:
 * Level 1.4 Short Blades
 * Level 3.2 Dodging
 + Level 4.5 Stealth
 - Level 3.0 Spellcasting
 - Level 7.0 Hexes
 - Level 2.0 Ice Magic


You had 2 spell levels left.
You knew the following spells:

 Your Spells              Type           Power        Failure   Level  Hunger
a - Corona                Hex            ####...      1%          1    None
b - Ensorcelled Hibernat  Hex/Ice        ###...       4%          2    ##.....
c - Confuse               Hex            ####....     3%          3    ###....
d - Dazzling Spray        Conj/Hex       ##....       12%         3    ###....

Your spell library contained the following spells:

 Spells                   Type           Power        Failure   Level  Hunger
 Tukima's Dance           Hex            ####....     3%          3    ###....


Dungeon Overview and Level Annotations

Branches:
Dungeon (4/15)
 Temple: D:4-7

Altars:
Elyvilon
Fedhas
Hepliaklqana
Ru
Xom


Innate Abilities, Weirdness & Mutations

You are very small and have problems with some larger weapons.
You are too small for most types of armour.
You have supernaturally acute eyesight. (SInv)
You are a herbivore.
You cover ground extremely quickly.
You need to consume almost no food.


Message History

Aim: an ice beast (chance to defeat MR: 55%)
The ice beast appears confused.
You hit the ice beast but do no damage. You hit the ice beast but do no damage.
The ice beast hits you. The ice beast freezes you!
You are too injured to fight recklessly!
You are too injured to fight recklessly!
You are too injured to fight recklessly!
You are too injured to fight recklessly!
You are too injured to fight recklessly!
You are too injured to fight recklessly!
You hit the ice beast.
The ice beast is lightly wounded.
You catch the helpless ice beast completely off-guard!
You puncture the ice beast!
The ice beast is heavily wounded.
The ice beast hits you.
* * * LOW HITPOINT WARNING * * *
The ice beast freezes you!
You die...

.>...#
.....#
#....#
#....#
#....#
#....#
#..(.#
#....#
#.@Y.#
#....#
#....#
#....#
#....#
#....#
##....#
#.....#
#.....#


You could see an ice beast (confused).

Vanquished Creatures
  A scorpion (D:4)
  A bullfrog skeleton (D:4)
  Robin (D:2)
  4 gnolls
  6 adders
  An adder skeleton (D:2)
  2 worms (D:2)
  2 dart slugs
  2 leopard geckos
  An orc (D:4)
  5 bats
  3 giant cockroaches
  8 hobgoblins
  10 jackals
  A quokka (D:2)
  2 frilled lizards (D:1)
  11 goblins
  5 kobolds
  8 rats
74 creatures vanquished.

Notes
Turn   | Place    | Note
-------+----------+-------------------------------------------
     0 | D:1      | Kohma the Spriggan Enchanter began the quest for the Orb.
     0 | D:1      | Reached XP level 1. HP: 9/9 MP: 5/5
   188 | D:1      | Reached skill level 4 in Hexes
   237 | D:1      | Found a shimmering altar of Xom.
   313 | D:1      | Reached XP level 2. HP: 9/13 MP: 4/6
   317 | D:1      | Learned a level 2 spell: Ensorcelled Hibernation
   939 | D:2      | Found a hazy altar of Hepliaklqana.
  1090 | D:2      | Reached XP level 3. HP: 16/16 MP: 5/8
  1130 | D:2      | Reached skill level 1 in Ice Magic
  1204 | D:2      | Noticed Robin
  1700 | D:2      | Killed Robin
  1700 | D:2      | Reached skill level 5 in Hexes
  1744 | D:2      | Reached XP level 4. HP: 11/21 MP: 2/9
  1752 | D:2      | HP: 1/21 [goblin/sling bullet[Robin] (4)]
  2345 | D:2      | Found a sacrificial altar of Ru.
  2391 | D:2      | Learned a level 3 spell: Confuse
  2395 | D:2      | Learned a level 3 spell: Dazzling Spray
  3253 | D:2      | Reached XP level 5. HP: 24/24 MP: 2/10
  3419 | D:3      | Reached skill level 6 in Hexes
  3815 | D:3      | Found a white marble altar of Elyvilon.
  4687 | D:4      | Reached skill level 7 in Hexes
  4799 | D:4      | Found a blossoming altar of Fedhas.
  4895 | D:4      | Noticed an ice beast
  4898 | D:4      | Reached XP level 6. HP: 23/28 MP: 7/11
  4925 | D:4      | Slain by an ice beast

Skill      XL: |  1  2  3  4  5 |
---------------+----------------+-----
Hexes          | 4 5 7 |  7.0
Spellcasting   | 3 |  3.0
Ice Magic      | 1 2 |  2.0
Short Blades   | |  1.4
Dodging        | |  3.2
Stealth        | |  4.5

Action                   |  1- 3 |  4- 6 || total
-------------------------+-------+-------++-------
Melee: Dagger            |    74 |   120 ||   194
 Cast: Corona            |     7 |       ||     7
       Ensorcelled Hiber |    12 |    50 ||    62
       Confuse           |       |     5 ||     5
  Use: Scroll            |     4 |    12 ||    16
 Stab: Sleeping          |    18 |    35 ||    53
       Confused          |       |     3 ||     3
  Eat: Ration            |       |     2 ||     2
Armor: Robe              |     5 |    14 ||    19
Dodge: Dodged            |    49 |   110 ||   159
